 Dungeon Crawl Stone Soup version 0.28-a0-1199-gef9e1dbd39 (webtiles) character file.

Game seed: 366284892315184662

40231 leviel the Severer (level 14, -12/127 HPs)
             Began as a Hill Orc Fighter on Dec 20, 2021.
             Was an Elder of Qazlal.
             Mangled by an anaconda simulacrum (16 damage)
             ... in an ice cave.
             The game lasted 00:33:57 (20067 turns).

leviel the Severer (Hill Orc Fighter)              Turns: 20067, Time: 00:33:58

Health: -12/127    AC: 25    Str: 24    XL:     14   Next: 10%
Magic:  20/20      EV: 11    Int: 14    God:    Qazlal [****..]
Gold:   769        SH: 12    Dex: 10    Spells: 13/13 levels left

rFire   + . .      SeeInvis .   p - +1 war axe (freeze)
rCold   . . .      Faith    .   c - +0 buckler
rNeg    . . .      Spirit   .   t - +6 scale mail "Seavou" {Int+4}
rPois   .          Reflect  .   v - +0 helmet
rElec   .          Harm     .   e - +0 cloak
rCorr   .          Rampage  .   n - +2 pair of gloves {rF+}
Will    +....                   h - +2 pair of boots
Stlth   ..........              (no amulet)
HPRegen 0.31/turn               d - +4 ring of evasion
MPRegen 0.17/turn               x - +4 ring of slaying

@: constricted, repel missiles
A: clever 1, passive freeze
a: Renounce Religion, Upheaval, Elemental Force


You were in an ice cave.
You worshipped Qazlal.
Qazlal was greatly pleased with you.
You visited 3 branches of the dungeon, and saw 17 of its levels.
You also visited: Sewer and Ice Cave.

You collected 1656 gold pieces.
You spent 887 gold pieces at shops.

Inventory:

Hand Weapons
 a - a +2 war axe
 p - a +1 war axe of freezing (weapon)
Missiles
 j - 12 curare-tipped darts
 k - 69 poisoned darts
Armour
 c - a +0 buckler (worn)
 e - a +0 cloak (worn)
 h - a +2 pair of boots (worn)
 n - a +2 pair of gloves of fire resistance (worn)
 t - the +6 scale mail "Seavou" (worn) {Int+4}
   (You found it on level 5 of the Dungeon)

   Int:       It affects your intelligence (+4).
 v - a +0 helmet (worn)
Jewellery
 d - a +4 ring of evasion (left hand)
 w - a ring of poison resistance
 x - a +4 ring of slaying (right hand)
 D - a +6 ring of intelligence
 E - a ring of flight
 G - a ring of protection from cold
Wands
 b - a wand of mindburst (2)
 g - a wand of flame (27) (quivered)
 i - a wand of charming (4)
 m - a wand of digging (1)
 r - a wand of paralysis (8)
 H - a wand of iceblast (8)
Scrolls
 o - 4 scrolls of fog
 s - 3 scrolls of identify {@r1}
 y - a scroll of fear
 B - 3 scrolls of teleportation
 F - 3 scrolls of holy word
 J - a scroll of brand weapon {unknown}
 K - a scroll of silence
 L - a scroll of blinking {unknown}
Potions
 f - a potion of cancellation
 l - 6 potions of ambrosia
 q - 5 potions of mutation
 u - 2 potions of lignification
 z - a potion of brilliance
 A - 2 potions of curing
 C - a potion of might
 I - 3 potions of resistance
 M - 2 potions of attraction {unknown}
 N - a potion of haste


   Skills:
 + Level 12.6 Fighting
 - Level 16.0 Axes
 - Level 6.0 Throwing
 + Level 11.6 Armour
 + Level 11.5 Shields
 + Level 8.5 Invocations
 + Level 6.5 Evocations


You had 13 spell levels left.
You didn't know any spells.
Your spell library contained the following spells:

 Spells                   Type           Power      Damage    Failure   Level
 Animate Skeleton         Necr           0%         N/A       50%         1
 Apportation              Tloc           0%         N/A       50%         1
 Foxfire                  Conj/Fire      0%         2x1d4     50%         1
 Shock                    Conj/Air       0%         1d3       50%         1
 Summon Small Mammal      Summ           0%         N/A       50%         1
 Blink                    Tloc           0%         N/A       65%         2
 Corpse Rot               Necr/Air       0%         N/A       65%         2
 Ensorcelled Hibernation  Hex/Ice        0%         N/A       65%         2
 Passwall                 Tmut/Erth      0%         N/A       65%         2
 Poisonous Vapours        Pois/Air       0%         N/A       65%         2
 Wereblood                Tmut           0%         N/A       65%         2
 Call Canine Familiar     Summ           0%         N/A       86%         3
 Conjure Flame            Conj/Fire      0%         6-21      86%         3
 Gell's Gravitas          Tloc           0%         N/A       86%         3
 Ignite Poison            Fire/Tmut/Pois 0%         N/A       86%         3
 Inner Flame              Hex/Fire       0%         N/A       86%         3
 Lesser Beckoning         Tloc           0%         N/A       86%         3
 Mephitic Cloud           Conj/Pois/Air  0%         N/A       86%         3
 Portal Projectile        Hex/Tloc       0%         N/A       86%         3
 Spider Form              Tmut/Pois      0%         N/A       86%         3
 Swiftness                Air            0%         N/A       86%         3
 Teleport Other           Tloc           0%         N/A       86%         3
 Airstrike                Air            0%         N/A       99%         4
 Cause Fear               Hex            0%         N/A       99%         4
 Dispel Undead            Necr           0%         3d6       99%         4
 Flame Wave               Conj/Fire      0%         2d4       99%         4
 Ice Form                 Ice/Tmut       0%         N/A       99%         4
 Leda's Liquefaction      Hex/Erth       0%         N/A       99%         4
 Petrify                  Tmut/Erth      0%         N/A       99%         4
 Summon Ice Beast         Ice/Summ       0%         N/A       99%         4
 Alistair's Intoxication  Tmut/Pois      0%         N/A       100%        5
 Freezing Cloud           Conj/Ice/Air   0%         6-21      100%        5
 Manifold Assault         Tloc           0%         N/A       100%        5
 Summon Mana Viper        Hex/Summ       0%         N/A       100%        5
 Death Channel            Necr           0%         N/A       100%        6
 Eringya's Noxious Bog    Tmut/Pois      0%         N/A       100%        6
 Monstrous Menagerie      Summ           0%         N/A       100%        7
 Discord                  Hex            0%         N/A       100%        8


Dungeon Overview and Level Annotations

Branches:
Dungeon (14/15)            Temple (1/1) D:4            Lair (0/6) D:9
    Orc (2/2) D:10            Elf (0/3) Orc:2         Sewer (visited)
  IceCv (1/1)
 Vaults: D:13-14

Altars:
Ashenzari
Cheibriados
Dithmenos
Elyvilon
Fedhas
Gozag
Hepliaklqana
Kikubaaqudgha
Makhleb
Nemelex Xobeh
Okawaru
Qazlal
Ru
Sif Muna
Trog
Uskayaw
Vehumet
Wu Jian
Xom
Yredelemnul
Zin
The Shining One
Beogh

Shops:
D:3 *   D:4 =   D:5 *   D:8 :   Orc:2 ([**[


Innate Abilities, Weirdness & Mutations

Your mind is acute. (Int +2)
A frigid envelope surrounds you and freezes all who hurt you.


Message History

The anaconda simulacrum completely resists.
There is an ice covered gate leading back out of this place here.
You escape the anaconda simulacrum's grasp.
The anaconda simulacrum grabs you.
You stop ascending the stairs.
The anaconda simulacrum completely resists.
The anaconda simulacrum bites you but does no damage.
The anaconda simulacrum completely resists.
The anaconda simulacrum constricts you.
You block the anaconda simulacrum's attack.
The anaconda simulacrum's grasp on you weakens, but your attempt to escape fails.
The anaconda simulacrum bites you but does no damage.
The anaconda simulacrum completely resists.
The anaconda simulacrum constricts you.
You block the anaconda simulacrum's attack. x2
The anaconda simulacrum constricts you.
The anaconda simulacrum's grasp on you weakens, but your attempt to escape fails.
You block the anaconda simulacrum's attack.
The anaconda simulacrum bites you but does no damage.
The anaconda simulacrum completely resists.
The anaconda simulacrum constricts you.
You block the ettin simulacrum's attack.
The ettin simulacrum hits you but does no damage.
The ettin simulacrum completely resists.
You block the anaconda simulacrum's attack.
Okay, then.
Okay, then.
You slash the anaconda simulacrum!
The anaconda simulacrum is severely damaged.
You closely miss the anaconda simulacrum.
You slash the ettin simulacrum!
The anaconda simulacrum barely misses you.
The anaconda simulacrum constricts you.
You block the anaconda simulacrum's attack.
The ettin simulacrum barely misses you.
The ettin simulacrum hits you but does no damage.
The ettin simulacrum completely resists.
The anaconda simulacrum bites you.
* * * LOW HITPOINT WARNING * * *
The anaconda simulacrum freezes you!
You die...

#######
#.....## ?
#☼..§..## ...
#..Z..Z.#.....
#.@ZZZ..Z.....
#.§ZZ...#.....
#§..○..## ...
#.....## )
#######


You could see 2 anaconda simulacra, 2 alligator simulacra, a four-headed hydra
simulacrum, a golden dragon simulacrum and 2 ettin simulacra.

Vanquished Creatures
  An orc warlord (Orc:1)
  Azrael (D:13)
  An ice dragon (D:14)
  2 hydras
  A centaur warrior (D:13)
  A death knight (D:13)
  5 two-headed ogres
  A boulder beetle (D:14)
  A catoblepas (D:12)
  5 orc high priests
  Sonja (D:13)
  2 skeletal warriors
  A sixfirhy (D:11)
  A deep elf pyromancer (D:12)
  2 ugly things
  6 orc knights
  2 manticores
  A manticore (shapeshifter) (D:14)
  4 orc sorcerers
  A guardian serpent (shapeshifter) (D:11)
  3 cyclopes
  A gargoyle (D:12)
  An unseen horror (D:10)
  A freezing wraith (D:12)
  A queen bee (D:12)
  Grinder (D:6)
  4 trolls
  3 meliai (D:12)
  A hornet (D:10)
  Sigmund (D:5)
  A vampire (D:11)
  2 wraiths
  26 yaks
  6 vampire mosquitoes
  2 steam dragons (D:9)
  A fire elemental (D:13)
  2 harpy simulacra (IceCv)
  2 acid dragons
  4 wargs (Orc:2)
  4 hell hounds (D:13)
  26 orc warriors
  2 black bears (D:6)
  3 necrophages
  13 ogres
  A wolf (D:9)
  8 centaurs
  9 kobold brigands
  2 bullfrogs
  3 gnoll sergeants (D:10)
  A scorpion (D:5)
  A wyvern skeleton (D:5)
  32 killer bees
  2 electric eels (D:9)
  3 howler monkeys
  3 centaur zombies
  An iron imp (D:7)
  8 hounds
  2 jellies
  13 orc priests
  Crazy Yiuf (D:2)
  A bullfrog skeleton (D:5)
  A centaur skeleton (D:6)
  Ijyb (D:3)
  2 iguanas
  Jessica (D:3)
  13 orc wizards
  2 killer bee zombies (D:8)
  A hound skeleton (D:4)
  2 gnolls (D:10)
  11 adders
  2 river rats (Sewer)
  2 shadow imps (D:6)
  A white imp (D:6)
  An ufetubus (D:6)
  4 worms (Sewer)
  The ghost of spaghetti the Sneak, a weakling DDDe (D:5)
  3 dart slugs
  63 orcs
  8 ball pythons
  7 bats
  5 endoplasms
  7 giant cockroaches
  4 goblins (D:1)
  5 hobgoblins
  8 quokkas
  3 frilled lizards
  12 kobolds
  6 rats
  A butterfly (D:6)
419 creatures vanquished.

Vanquished Creatures (collateral kills)
  A two-headed ogre (D:11)
  2 vampire mosquitoes (D:11)
  An orc warrior (Orc:1)
  An orc wizard (Orc:1)
  An orc (Orc:1)
6 creatures vanquished.

Vanquished Creatures (others)
  An orc wizard (Orc:2)
  2 plants (D:12)
3 creatures vanquished.

Grand Total: 428 creatures vanquished

Notes
Turn   | Place    | Note
-------+----------+-------------------------------------------
     0 | D:1      | leviel the Hill Orc Fighter began the quest for the Orb.
     0 | D:1      | Reached XP level 1. HP: 19/19 MP: 1/1
   150 | D:1      | Found a faded altar of an unknown god.
   158 | D:1      | Reached skill level 3 in Axes
   158 | D:1      | Reached XP level 2. HP: 21/27 MP: 2/2
   505 | D:1      | Reached XP level 3. HP: 33/33 MP: 3/3
   840 | D:2      | Found a runed translucent door.
   841 | D:2      | Noticed Crazy Yiuf
  1187 | D:2      | Reached XP level 4. HP: 40/40 MP: 4/4
  1454 | D:2      | Killed Crazy Yiuf
  1623 | D:3      | Noticed Jessica
  1634 | D:3      | Killed Jessica
  1635 | D:3      | Reached skill level 4 in Axes
  1635 | D:3      | Reached XP level 5. HP: 41/47 MP: 5/5
  1947 | D:3      | Got the Papyrus of Changing and Contamination
  1961 | D:3      | Found an opulent altar of Gozag.
  2537 | D:3      | Noticed Ijyb
  2549 | D:3      | Killed Ijyb
  2802 | D:3      | Found Woxo Qur's General Store.
  2808 | D:3      | Bought 6 curare-tipped darts for 36 gold pieces
  2808 | D:3      | Bought a scroll of identify for 20 gold pieces
  2832 | D:3      | Found an ancient bone altar of Kikubaaqudgha.
  2996 | D:3      | Gained mutation: A frigid envelope surrounds you and
                  | freezes all who hurt you. [potion of mutation]
  2996 | D:3      | Gained mutation: Your mind is acute. (Int +2) [potion of
                  | mutation]
  3027 | D:4      | Found a stormy altar of Qazlal.
  3058 | D:4      | Reached skill level 5 in Fighting
  3070 | D:4      | Reached XP level 6. HP: 55/56 MP: 6/6
  3090 | D:4      | Found Ydozenk's Jewellery Shop.
  3108 | D:4      | Found a staircase to the Ecumenical Temple.
  3397 | D:4      | Found a hide-covered altar of Uskayaw.
  3558 | Temple   | Entered the Ecumenical Temple
  4029 | D:5      | Entered Level 5 of the Dungeon
  4060 | D:4      | Became a worshipper of Qazlal Stormbringer
  4090 | D:5      | Identified the +10 dagger "Tejaqune" {speed, rN+}
  4101 | D:5      | Noticed a necrophage
  4109 | D:5      | Killed a necrophage
  4110 | D:5      | Reached skill level 5 in Axes
  4114 | D:5      | Reached skill level 5 in Armour
  4114 | D:5      | Reached skill level 5 in Shields
  4379 | D:5      | Reached XP level 7. HP: 62/62 MP: 7/7
  4437 | D:5      | Found a runed translucent gate.
  4437 | D:5      | Found a runed translucent gate.
  4437 | D:5      | Found a runed translucent gate.
  4441 | D:5      | Noticed spaghetti's ghost (weakling DDDe)
  4444 | D:5      | Found a roughly hewn altar of Beogh.
  4483 | D:5      | Reached skill level 6 in Axes
  4484 | D:5      | HP: 1/63 [orc priest/divine providence (13)]
  4781 | D:5      | Noticed Sigmund
  4794 | D:5      | Killed Sigmund
  4795 | D:5      | Reached XP level 8. HP: 52/71 MP: 8/8
  4923 | D:5      | Reached skill level 7 in Axes
  4952 | D:5      | Identified the +6 scale mail "Seavou" {Int+4}
  5121 | D:5      | Found Fiured's Fire Supplies.
  5611 | D:5      | Killed spaghetti's ghost
  5611 | D:5      | Reached * piety under Qazlal
  5675 | D:6      | Found a shadowy altar of Dithmenos.
  5696 | D:6      | Reached skill level 8 in Axes
  5785 | D:6      | Found a glowing drain.
  5799 | Sewer    | Entered a sewer
  6027 | Sewer    | Reached ** piety under Qazlal
  6117 | Sewer    | Reached XP level 9. HP: 69/79 MP: 9/9
  6179 | Sewer    | Reached skill level 9 in Axes
  6786 | D:6      | Noticed Grinder
  6791 | D:6      | Killed Grinder
  6900 | D:6      | Found a white marble altar of Elyvilon.
  7410 | D:7      | Reached skill level 10 in Axes
  7855 | D:7      | Reached skill level 11 in Axes
  7858 | D:7      | Reached XP level 10. HP: 71/90 MP: 10/10
  7989 | D:7      | Found a sparkling altar of Nemelex Xobeh.
  8082 | D:7      | Found a snail-covered altar of Cheibriados.
  8278 | D:8      | Reached *** piety under Qazlal
  8614 | D:8      | Reached skill level 12 in Axes
  8998 | D:8      | Reached skill level 1 in Throwing
  9168 | D:8      | Found Ajatz's Book Shop.
  9415 | D:9      | Found a staircase to the Lair.
  9418 | D:9      | Noticed a two-headed ogre
  9441 | D:9      | Killed a two-headed ogre
  9455 | D:9      | Reached XP level 11. HP: 80/97 MP: 11/11
  9474 | D:9      | Reached skill level 13 in Axes
  9989 | D:5      | Bought a +1 pair of gloves of fire resistance for 214 gold
                  | pieces
 10577 | D:9      | Found a burning altar of Makhleb.
 10633 | D:9      | Got the Collected Works on Shifting Bewitchment
 10722 | D:10     | Entered Level 10 of the Dungeon
 10725 | D:10     | Noticed a two-headed ogre
 10730 | D:10     | Killed a two-headed ogre
 10731 | D:10     | Reached skill level 10 in Fighting
 11284 | D:10     | Reached skill level 1 in Invocations
 11286 | D:10     | Reached **** piety under Qazlal
 11299 | D:10     | Reached skill level 1 in Evocations
 11307 | D:11     | Noticed a red ugly thing
 11317 | D:11     | Killed a red ugly thing
 11318 | D:11     | Reached skill level 14 in Axes
 11631 | D:11     | Noticed a two-headed ogre
 11653 | D:11     | Killed a two-headed ogre
 11993 | D:10     | Found a staircase to the Orcish Mines.
 12087 | D:10     | Found a basalt altar of Yredelemnul.
 12236 | D:11     | Noticed a two-headed ogre
 12248 | D:11     | Killed a two-headed ogre
 12249 | D:11     | Reached XP level 12. HP: 101/108 MP: 14/14
 12304 | D:11     | Noticed a five-headed hydra
 12566 | D:11     | Found a runed translucent door.
 12932 | Orc:1    | Entered Level 1 of the Orcish Mines
 12932 | Orc:1    | Noticed a two-headed ogre
 12945 | D:10     | Killed a two-headed ogre
 13175 | Orc:1    | Found a shimmering altar of Xom.
 13236 | Orc:1    | Noticed an orc warlord
 13269 | Orc:1    | Reached skill level 15 in Axes
 13398 | Orc:1    | Reached skill level 10 in Armour
 13444 | Orc:1    | Killed an orc warlord
 13445 | Orc:1    | Reached skill level 10 in Shields
 13708 | Orc:2    | Entered Level 2 of the Orcish Mines
 13708 | Orc:2    | Found a staircase to the Elven Halls.
 14201 | Orc:2    | Noticed an orc high priest
 14203 | Orc:2    | Noticed an orc high priest
 14203 | Orc:2    | Noticed an orc high priest
 14259 | Orc:2    | Reached skill level 5 in Invocations
 14280 | Orc:2    | Killed an orc high priest
 14569 | Orc:2    | Found Icwesun's Armour Emporium.
 14955 | Orc:2    | Reached skill level 5 in Throwing
 14968 | Orc:2    | Reached XP level 13. HP: 30/116 MP: 17/17
 15309 | Orc:2    | Found Ligiri's Weapon Boutique.
 15309 | Orc:2    | Found Ubiesk's Assorted Antiques.
 15379 | Orc:2    | Found Huonk's Armour Boutique.
 15379 | Orc:2    | Found Ecvicsi's Assorted Antiques.
 15391 | Orc:2    | Bought a scroll of teleportation for 78 gold pieces
 15391 | Orc:2    | Bought a potion of curing for 78 gold pieces
 15391 | Orc:2    | Bought a potion of might for 104 gold pieces
 15391 | Orc:2    | Bought a scroll of teleportation for 78 gold pieces
 15391 | Orc:2    | Bought a long iron wand for 104 gold pieces
 15566 | Orc:1    | Reached skill level 16 in Axes
 16441 | D:3      | Bought a scroll of enchant armour for 75 gold pieces
 16441 | D:3      | Bought a potion of resistance for 100 gold pieces
 16923 | D:11     | Reached skill level 5 in Evocations
 18026 | D:12     | Found a hazy altar of Hepliaklqana.
 18871 | D:13     | Noticed Azrael
 18872 | D:13     | Noticed Sonja
 18882 | D:13     | Reached ***** piety under Qazlal
 18889 | D:13     | Killed Azrael
 19293 | D:13     | Killed Sonja
 19294 | D:13     | Reached XP level 14. HP: 118/127 MP: 20/20
 20026 | D:14     | Found a frozen archway.
 20053 | IceCv    | Entered an ice cave
 20063 | IceCv    | HP: 6/127 [anaconda simulacrum (20)]
 20067 | IceCv    | Mangled by an anaconda simulacrum

Illustrated notes

Levels and vault maps discovered:
D:1:      dpeg_arrival_stone_temple_mockup, layout_basic,
          ebering_ecumenical_altar_ruins, minmay_misc_feat_columns,
          minmay_3d_cube
D:2:      layout_rooms, uniq_crazy_yiuf_cottage
D:3:      layout_basic, lemuel_zombie_altar_kikubaaqudgha, old_standard_altar,
          serial_shops, shop, uniq_ijyb, uniq_jessica
D:4:      layout_cave_pools, nicolae_qazlal_scattered_showers,
          nicolae_uskayaw_dance_hall, minmay_temple_entry_grid, serial_shops,
          shop, serial_park, serial_park_gazebo [serial_park_minivault_5x5_8]
D:5:      nicolae_cairo_tiling, layout_cave_pools, biasface_ghost_orc_armoury,
          nicolae_shop_fire_sale [nicolae_sub_dead_trees], uniq_sigmund
D:6:      layout_basic, nicolae_elyvilon_peaceful_grove, amcnicky_altar_gilded,
          gup_sewer_entry_pipe, uniq_grinder
D:7:      layout_gridville, nemelex_dance_club_becter, slow_altar_2
D:8:      layout_basic, serial_shops, nicolae_shop_waterfront
D:9:      layout_roguey, lightli_temple_of_fire, erik_lair_island, serial_glass,
          glass_columns_c, glass_columns_c
D:10:     layout_gridville, kennysheep_mini,
          kennysheep_orc_monster_closet_entryway
D:11:     cheibrodos_shockbox, layout_loops_cross
D:12:     layout_gridville, special_room [special_room_bee],
          gauntlet_entry_generic, nicolae_hepliaklqana_hazy_memory
D:13:     layout_rooms, uniq_sonja, uniq_azrael
D:14:     minmay_the_grid_triangle_9x9_rhombus_full_mashed
          [minmay_the_grid_triangle_9x9_from_above,
          minmay_the_grid_triangle_9x9_flanged_cone,
          minmay_the_grid_triangle_9x9_checkered,
          minmay_the_grid_triangle_9x9_impossible_snake,
          minmay_the_grid_triangle_9x9_semitri,
          minmay_the_grid_triangle_9x9_zippers_vertical,
          minmay_the_grid_triangle_9x9_longest,
          minmay_the_grid_triangle_9x9_prize_insulated], layout_basic,
          lightli_vaults_fourway_checkpoint, minmay_misc_feat_more_columns,
          portal_ice_cave_entry_dragon
Temple:   minmay_temple_forest_path
Orc:1:    cheibrodos_orc_arena, layout_caves, basic_altar
Orc:2:    grunt_orc_tribal_feast, layout_caves, serial_shops, nicolae_shop_stone
IceCv:    ice_cave_statue_garden_chambered

Skill      XL: |  1  2  3  4  5  6  7  8  9 10 11 12 13 |
---------------+----------------------------------------+-----
Axes           | 3 4 5 6 8 11 12 14 15 16 | 16.0
Fighting       | 4 5 6 7 8 9 10 11 12 | 12.6
Armour         | 4 5 6 7 8 9 10 11 | 11.6
Shields        | 4 5 6 7 8 9 10 11 | 11.5
Throwing       | 2 3 5 6 |  6.0
Invocations    | 3 5 8 |  8.5
Evocations     | 2 4 6 |  6.5

Action                   |  1- 3 |  4- 6 |  7- 9 | 10-12 | 13-15 || total
-------------------------+-------+-------+-------+-------+-------++-------
Melee: War axe           |    99 |   133 |   220 |   580 |   243 ||  1275
Throw: Dart              |       |       |     2 |       |       ||     2
Invok: Upheaval          |       |       |       |     5 |       ||     5
       Elemental Force   |       |       |       |     2 |     2 ||     4
Evoke: Wand              |       |       |       |    26 |     2 ||    28
  Use: Potion            |       |     5 |     4 |     4 |     2 ||    15
       Scroll            |       |     9 |     6 |     8 |     2 ||    25
 Stab: Invisible         |       |       |       |     2 |       ||     2
       Petrified         |       |       |       |       |     6 ||     6
Armor: Scale mail        |    58 |    83 |    93 |   131 |   127 ||   492
Dodge: Dodged            |    53 |    57 |    73 |   197 |   181 ||   561
       Repelled          |       |       |       |     1 |       ||     1
Block: Buckler           |    20 |    21 |    64 |   210 |   186 ||   501

Table legend: (Time is in decaauts)
 A = Elapsed time spent in this place.
 B = Non-inter-level travel time spent in this place.
 C = Inter-level travel time spent in this place.
 D = Time resting spent in this place.
 E = Time spent auto-exploring this place.
 F = Levels seen in this place.
 G = Mean time per level.
                   A        B        C        D        E       F      G
               +--------+--------+--------+--------+--------+-----+--------+
         Total |  20149 |  18297 |   1852 |   4660 |  10747 |  19 | 1060.5 |
       Dungeon |  15681 |  14046 |   1635 |   3200 |   8702 |  14 | 1120.1 |
        Temple |    429 |    390 |     39 |      0 |    379 |   1 |  429.0 |
  Orcish Mines |   3170 |   2993 |    177 |   1459 |   1031 |   2 | 1585.0 |
         Sewer |    853 |    853 |      0 |      0 |    634 |   1 |  853.0 |
      Ice Cave |     13 |     13 |      0 |      0 |      0 |   1 |   13.0 |
               +--------+--------+--------+--------+--------+-----+--------+

Top non-repeatable levels by time:
   Orc:2: 2250 daAuts
    D:12: 1877 daAuts
     D:5: 1548 daAuts
    D:11: 1505 daAuts
     D:3: 1470 daAuts
     D:8: 1301 daAuts
     D:9: 1279 daAuts
    D:10: 1251 daAuts
     D:6: 1217 daAuts
     D:2: 1023 daAuts
   Orc:1: 919 daAuts
     D:7: 886 daAuts
   Sewer: 853 daAuts
     D:4: 815 daAuts
     D:1: 642 daAuts
